 Dungeon Crawl Stone Soup version 0.31-a0-986-g5e6e4ef867 (webtiles) character file.

Game seed: 9029525394416256954

1488 croobank the Changeling (level 8, -1/55 HPs)
             Began as an Octopode Shapeshifter on Nov 16, 2023.
             Was a Follower of Ashenzari.
             Slain by a killer bee (3 damage)
             ... on level 6 of the Dungeon.
             The game lasted 00:14:51 (3688 turns).

croobank the Changeling (Octopode Shapeshifter)     Turns: 3688, Time: 00:14:51

Health: -1/55      AC:  1    Str: 14    XL:     8   Next: 80%
Magic:  8/8        EV: 14    Int: 16    God:    Ashenzari [*.....]
Gold:   264        SH:  0    Dex: 11    Spells: 7/7 levels left

rFire   + . .        n - +7 dagger "Haejacs" {flame, Will+ Int+2}
rCold   + . .        (no shield)
rNeg    . . .        i - melded +1 hat of Guwostiux {Slay+3}
rPois   .            o - amulet of regeneration
rElec   .            g - ring "Repose of Ashenzari" {rC+, Bglg, Alch} (curse)
rCorr   .            m - ring "Lashed With Me" {rF+, Fort, Melee} (curse)
SInv    .            (no ring)
Will    +....        (no ring)
Stlth   ++           (no ring)
HPRegen 1.09/turn    (no ring)
MPRegen 0.11/turn    (no ring)
                     (no ring)

%: no passive effects
@: lethally poisoned (-1 -> -6), about to teleport, beast-form
A: beast (slay +3), almost no armour, amphibious, 8 rings, camouflage 1,
gelatinous body 1, (nimble swimmer 1), tentacles
a: Begin Untransformation, Renounce Religion, Shatter the Chains


You were on level 6 of the Dungeon.
You worshipped Ashenzari.
Ashenzari was aware of your devotion.
You were a hulking beast.
You visited 2 branches of the dungeon, and saw 7 of its levels.

You collected 264 gold pieces.

Inventory:

Hand Weapons
 a - a +0 short sword of electrocution
 d - a +0 dagger
 j - a +0 whip of pain
 n - the +7 dagger "Haejacs" (weapon) {flame, Will+ Int+2}
   (You found it on level 2 of the Dungeon)

   Int+2:     It affects your intelligence (+2).
   Will+:     It increases your willpower.
 u - a +0 long sword
Missiles
 e - 4 poisoned darts
 v - 5 boomerangs
 w - 4 javelins
Armour
 i - the +1 hat of Guwostiux (melded) {Slay+3}
   (You acquired it on level 4 of the Dungeon)

   Slay+3:    It affects your accuracy & damage with ranged weapons and melee
   (+3).
Jewellery
 g - the cursed ring "Repose of Ashenzari" (left tentacle) {rC+, Bglg, Alch}
   (You found it on level 1 of the Dungeon)

   [ring of protection from cold]

   rC+:       It protects you from cold.
   It has a curse which improves the following skills: Beguiling: Conjurations,
   Hexes and Translocations.
   Alchemy:   Poison Magic and Transmutations.
 m - the cursed ring "Lashed With Me" (right tentacle) {rF+, Fort, Melee}
   (You found it on level 2 of the Dungeon)

   [ring of protection from fire]

   rF+:       It protects you from fire.
   It has a curse which improves the following skills: Fortitude: Shields.
   Melee Combat: Short Blades, Long Blades, Axes, Maces & Flails, Polearms,
   Staves and Unarmed Combat.
 o - an amulet of regeneration (around mantle)
Talismans
 b - a beast talisman (active)
 c - a flux talisman
Wands
 f - a wand of mindburst (13)
Scrolls
 q - a scroll of vulnerability
Potions
 h - a potion of brilliance
 k - a potion of mutation
 l - a potion of cancellation
 p - a potion of attraction
 s - 2 potions of enlightenment


   Skills:
 + Level 5.2 Fighting
 + Level 4.8(5.6) Short Blades
 + Level 5.6 Dodging
 - Level 3.3(4.1) Unarmed Combat
 + Level 5.7 Shapeshifting


You had 7 spell levels left.
You didn't know any spells.
Your spell library was empty.

Dungeon Overview and Level Annotations

Branches:
Dungeon (6/15)             Temple (1/1) D:4

Altars:
Ashenzari
Cheibriados
Dithmenos
Elyvilon
Gozag
Kikubaaqudgha
Makhleb
Nemelex Xobeh
Okawaru
Ru
Uskayaw
Vehumet
Wu Jian
Xom
Zin
The Shining One

Shops:
D:1 (   D:2 :

Annotations:
D:2 1 runed translucent door, Crazy Yiuf


Innate Abilities, Weirdness & Mutations

You are a hulking beast.
Your limbs bulge with bestial killing power. (Slay +3)
You cannot wear most types of armour.
You are amphibious.
You can wear up to eight rings at the same time.
Your skin changes colour to match your surroundings (Stealth+).
Your rubbery body absorbs attacks. (AC +1, EV +1)
((You are camouflaged when in or above water. (Stealth+)))
You have tentacles for arms and can constrict up to eight enemies at once.


Message History

The white imp shouts!
You puncture the ufetubus! You burn the ufetubus.
You kill the ufetubus!
The killer bee stings you but does no damage.
The killer bee stings you.
The air fills with toxic fumes!
As you read the scroll of poison, it crumbles to dust.
The killer bee misses you. The killer bee stings you!
The white imp gestures at you. The puff of frost misses you.
The killer bee stings you.
You are poisoned.
The killer bee poisons you! The killer bee stings you!
The ufetubus closely misses you. The ufetubus misses you.
The bullfrog is engulfed in poison gas.
The bullfrog is poisoned.
You puncture the killer bee! You burn the killer bee.
Your grab misses the killer bee.
The killer bee is almost dead.
You feel sick. The killer bee stings you.
You are more poisoned.
The killer bee poisons you! The killer bee stings you. The ufetubus misses you.
The ufetubus barely misses you.
The bullfrog is engulfed in poison gas.
The bullfrog looks even sicker.
The killer bee closely misses you. The killer bee misses you.
Okay, then.
As you read the scroll of teleportation, it crumbles to dust.
You feel strangely unstable.
You feel very sick.
The ufetubus hits you but does no damage.
The ufetubus hits you.
* * * LOW HITPOINT WARNING * * *
The killer bee barely misses you. The killer bee stings you!
* * * LOW HITPOINT WARNING * * *
The bullfrog is engulfed in poison gas.
The bullfrog looks even sicker.
The white imp gestures at you. The puff of frost hits you. You resist.
* * * LOW HITPOINT WARNING * * *
The ufetubus slips past you! The ufetubus misses you.
The ufetubus hits you but does no damage.
The killer bee barely misses you. The killer bee stings you.
You die...

#...# #....PPPPP....
#...###.##..P....##§##§§
##...##.###......§#§#§§§
#.#.##># ##.####§#§§l§§
##.#.#..# #..# §§§§§§§
#⌠.....## ##.###§§§§§§§
#...♣..######§##§§§§S§§§
....P...##§§§§§§yF.y§§§§
.♣P.P##..§§§§§§5hy§§y§§§
.........§###§##§y§o§§§§
.#........# #.##§§§§§§§§
.#..#####.. #.###§§.§§§§
.#..# ##.#.# 5§§§§§§
.#... ... .§§§§§§ ##.#..
#. §§§§§§§ §§§§§§§


You could see a bullfrog (very poisoned), an iguana, 5 killer bees, an adder, a
white imp, an ufetubus and an orc.

Vanquished Creatures
  Sigmund (D:5)
  Eustachio (D:4)
  Duvessa (D:4)
  A water moccasin (D:5)
  An ice beast (D:5)
  A phantom (D:5)
  3 scorpions (D:5)
  Dowan (D:4)
  A jelly (D:5)
  2 hounds
  2 orc priests (D:5)
  2 sleepcaps
  An iguana (D:6)
  Ijyb (D:5)
  An orc wizard (D:5)
  5 gnolls
  15 adders
  A shadow imp (D:6)
  2 white imps (D:6)
  3 ufetubi (D:6)
  2 worms (D:3)
  3 dart slugs
  10 orcs
  4 ball pythons
  6 bats
  12 endoplasms
  7 giant cockroaches
  10 goblins
  A hobgoblin (D:4)
  4 kobolds
  4 quokkas
  A frilled lizard (D:3)
  2 rats
112 creatures vanquished.

Notes
Turn   | Place    | Note
-------+----------+-------------------------------------------
     0 | D:1      | croobank the Octopode Shapeshifter began the quest for the
                  | Orb.
     0 | D:1      | Reached XP level 1. HP: 13/13 MP: 1/1
   207 | D:1      | Reached XP level 2. HP: 15/18 MP: 2/2
   300 | D:1      | Found Otesch's Weapon Shop.
   823 | D:2      | Found a runed translucent door.
   824 | D:2      | Noticed Crazy Yiuf
   861 | D:2      | Reached XP level 3. HP: 23/23 MP: 3/3
   954 | D:2      | Identified the +7 dagger "Haejacs" {flame, Will+ Int+2}
  1077 | D:2      | Found a faded altar of an unknown god.
  1163 | D:2      | Reached XP level 4. HP: 24/29 MP: 4/4
  1403 | D:2      | Found Bock's Book Shoppe.
  1601 | D:3      | Reached skill level 1 in Short Blades
  1645 | D:3      | Found an ancient bone altar of Kikubaaqudgha.
  1647 | D:3      | Found an opulent altar of Gozag.
  1648 | D:3      | Found an ornate altar of the Wu Jian Council.
  1804 | D:3      | Reached XP level 5. HP: 35/35 MP: 5/5
  2212 | D:4      | Found a staircase to the Ecumenical Temple.
  2245 | D:4      | Noticed Eustachio
  2269 | Temple   | Entered the Ecumenical Temple
  2277 | Temple   | Became a worshipper of Ashenzari the Shackled
  2340 | D:4      | Identified a scroll of acquirement
  2354 | D:4      | Killed Eustachio
  2355 | D:4      | Reached XP level 6. HP: 24/42 MP: 6/6
  2457 | D:4      | Noticed Dowan
  2458 | D:4      | Noticed Duvessa
  2468 | D:4      | Killed Duvessa
  2469 | D:4      | Reached XP level 7. HP: 19/46 MP: 7/7
  2476 | D:4      | Killed Dowan
  2822 | D:5      | Entered Level 5 of the Dungeon
  2826 | D:5      | Noticed Ijyb
  2827 | D:5      | Acquired the +1 hat of Guwostiux {Slay+3}
  2879 | D:5      | Killed Ijyb
  3112 | D:5      | Reached skill level 5 in Shapeshifting
  3115 | D:5      | Reached XP level 8. HP: 47/54 MP: 8/8
  3149 | D:5      | Reached skill level 5 in Dodging
  3266 | D:5      | Reached * piety under Ashenzari
  3395 | D:5      | Noticed Sigmund
  3404 | D:5      | Killed Sigmund
  3405 | D:5      | Reached skill level 5 in Fighting
  3688 | D:6      | HP: 2/55 [white imp/puff of frost (4)]
  3688 | D:6      | Slain by a killer bee

Illustrated notes

Levels and vault maps discovered:
D:1:      lightli_arrival_noodles, layout_loops_ring, serial_shops, shop
D:2:      layout_rooms, hellmonk_ecumenical_altar_lost_god, serial_shops,
          nicolae_shop_real_fake_doors, uniq_crazy_yiuf_cottage
D:3:      layout_loops_ring, grunt_temple_overflow_open, minmay_quadrilaterals
D:4:      nicolae_cairo_tiling_very_big, layout_cave_pools,
          minmay_temple_entry_junction, uniq_duvessa, uniq_eustachio
D:5:      layout_basic, uniq_sigmund, uniq_ijyb
D:6:      layout_rooms, overflow_temple_1_default, serial_demonic,
          serial_demonic_e, serial_demonic_c, serial_demonic_a,
          serial_demonic_d, dreamdust_mushroom_princess
Temple:   hellmonk_temple_forest_ring

Skill      XL: |  1  2  3  4  5  6  7  8 |
---------------+-------------------------+-----
Fighting       | 2 3 4 5 |  5.2
Short Blades   | 1 2 3 4 |  4.8
Dodging        | 3 4 5 |  5.6
Shapeshifting  | 4 5 |  5.7
Unarmed Combat | |  3.3

Action                     |  1- 3 |  4- 6 |  7- 9 || total
---------------------------+-------+-------+-------++-------
  Melee: Unarmed           |    41 |       |       ||    41
         Constrict         |    14 |    12 |    23 ||    49
         Tentacles         |    10 |    10 |    22 ||    42
         Dagger            |    15 |    75 |   117 ||   207
         Punch             |     1 |     2 |       ||     3
 Invoke: Curse Item        |       |       |     2 ||     2
Ability: Begin Untransform |       |       |     1 ||     1
    Use: Potion            |       |     3 |     3 ||     6
         Scroll            |       |     2 |     6 ||     8
   Stab: Sleeping          |     5 |    13 |     3 ||    21
 Armour: Skin              |    26 |    40 |    65 ||   131
  Dodge: Dodged            |    36 |    34 |    61 ||   131
   Form: Beast             |       |       |     1 ||     1

Table legend: (Time is in decaauts)
 A = Elapsed time spent in this place.
 B = Non-inter-level travel time spent in this place.
 C = Inter-level travel time spent in this place.
 D = Time resting spent in this place.
 E = Time spent auto-exploring this place.
 F = Levels seen in this place.
 G = Mean time per level.
                   A        B        C        D        E       F      G
               +--------+--------+--------+--------+--------+-----+--------+
         Total |   3655 |   3479 |    176 |    211 |   2489 |   7 |  522.1 |
       Dungeon |   3638 |   3476 |    162 |    211 |   2489 |   6 |  606.3 |
        Temple |     16 |      2 |     14 |      0 |      0 |   1 |   16.0 |
               +--------+--------+--------+--------+--------+-----+--------+

Top non-repeatable levels by time:
     D:1: 808 daAuts
     D:5: 703 daAuts
     D:3: 701 daAuts
     D:2: 688 daAuts
     D:4: 630 daAuts
     D:6: 106 daAuts
  Temple: 16 daAuts
